cohdb
Replays
Latest Replays
All Replays
Popular Replays
Top Player Replays
Match Explorer
How It Works
Community
CoH3 Stats
Reddit
Sign in to upload your games and track your stats! →
Sign in with Steam
Match 42494945
Unlisted
Match 42494945
Overview
Messages
Build Orders
End
Construct Section Command Post
Construct Section Command Post
Selects Air and Sea Battlegroup
Vickers Machine Gun Team
ML 3-inch Mortar Team
Vickers Machine Gun Team
Royal Engineer Section
Construct Platoon Command Post
6-pounder Anti-tank Gun Team
Selects Commando Section Paradrop
Commando Section Paradrop
Cpt.Nuggets
CR1ck
BROken-J
Agent-S
十_Fck
ratharano
mp1otr
simranjitsingh713
0
0
Comments
sign in to comment!
No comments posted yet!